 Dungeon Crawl Stone Soup version 0.25.1-2-g60ff931df9 (webtiles) character file.

Game seed: 17054852779130121570

3127 tempo the Thaumaturge (level 9, -5/51 HPs)
             Began as a Deep Elf Wizard on Sept 27, 2020.
             Was a Priest of Vehumet.
             Killed from afar by Psyche (13 damage)
             ... with a puff of frost
             ... on level 8 of the Dungeon.
             The game lasted 00:24:54 (11048 turns).

tempo the Thaumaturge (Deep Elf Wizard)            Turns: 11048, Time: 00:24:54

Health: -5/51      AC:  4    Str:  4    XL:     9   Next: 61%
Magic:  22/26      EV: 16    Int: 27    God:    Vehumet [***...]
Gold:   916        SH:  0    Dex: 13    Spells: 14/30 levels left

rFire    + . .     SeeInvis .   y - +2 mace (drain)
rCold    x . .     Gourm    .   (no shield)
rNeg     . . .     Faith    .   s - +0 leather armour
rPois    .         Spirit   .   v - +0 helmet (curse)
rElec    .         Reflect  .   (no cloak)
rCorr    .         Harm     .   (no gloves)
MR       .....                  (no boots)
Stlth    ++........             (no amulet)
HPRegen  0.17/turn              r - ring of fire
MPRegen  0.20/turn              o - ring of flight

@: agile, lethally poisoned (-5 -> -30)
A: no striking features
a: Renounce Religion, Evoke Flight


You were on level 8 of the Dungeon.
You worshipped Vehumet.
Vehumet was most pleased with you.
You were not hungry.

You visited 2 branches of the dungeon, and saw 9 of its levels.

You collected 916 gold pieces.

Inventory:

Hand Weapons
 y - a +2 mace of draining (weapon)
 A - a +0 hand crossbow
Missiles
 t - 61 bolts
Armour
 s - a +0 leather armour (worn)
 v - a cursed +0 helmet (worn)
Magical Staves
 f - an uncursed staff of energy {unknown}
Jewellery
 o - a ring of flight (right hand)
 r - a ring of fire (left hand)
Scrolls
 b - 2 scrolls of fog {unknown}
 c - 3 scrolls of teleportation {unknown}
 e - a scroll of amnesia {unknown}
 g - a scroll of blinking {unknown}
 i - 12 scrolls of identify {unknown}
 l - a scroll of fear {unknown}
 n - a scroll of random uselessness {unknown}
 u - 2 scrolls of remove curse {unknown}
 z - a scroll of magic mapping {unknown}
 E - a scroll of holy word {unknown}
Potions
 a - a potion of berserk rage {unknown}
 h - 2 potions of mutation {unknown}
 j - a potion of might {unknown}
 k - 3 potions of curing {unknown}
 m - a potion of magic {unknown}
 p - 2 potions of heal wounds {unknown}
 q - a potion of stabbing {unknown}
 w - 2 potions of degeneration {unknown}
 x - a potion of brilliance {unknown}
 B - a potion of lignification {unknown}
 D - a potion of flight {unknown}
Comestibles
 d - 9 rations
 C - 2 chunks of flesh


   Skills:
 - Level 3.2 Fighting
 + Level 2.6 Armour
 - Level 2.4 Dodging
 - Level 2.4 Stealth
 * Level 11.0 Spellcasting
 * Level 8.4 Conjurations
 - Level 1.1 Summonings
 - Level 1.1 Translocations
 + Level 5.3 Fire Magic
 - Level 1.0 Air Magic
 + Level 1.0 Earth Magic
 - Level 1.0 Poison Magic
 - Level 1.0 Evocations


You had 14 spell levels left.
You knew the following spells:

 Your Spells              Type           Power        Failure   Level  Hunger
a - Magic Dart            Conj           ####         1%          1    None
b - Mephitic Cloud        Conj/Pois/Air  ####....     1%          3    None
c - Call Imp              Summ           ###.....     6%          2    None
d - Blink                 Tloc           N/A          6%          2    None
e - Conjure Flame         Conj/Fire      ######..     1%          3    None
f - Foxfire               Conj/Fire      ####         1%          1    None
g - Apportation           Tloc           ###...       4%          1    None
h - Stone Arrow           Conj/Erth      #####.       1%          3    None

Your spell library contained the following spells:

 Spells                   Type           Power        Failure   Level  Hunger
 Dazzling Flash           Conj/Hex       #####.       1%          3    None
 Summon Small Mammal      Summ           ###.         4%          1    None
 Animate Skeleton         Necr           N/A          7%          1    None
 Corona                   Hex            ##.....      7%          1    None
 Ensorcelled Hibernation  Hex/Ice        ##....       10%         2    None
 Slow                     Hex            ##......     10%         2    None
 Confusing Touch          Hex            ##......     21%         3    None
 Tukima's Dance           Hex            ##......     21%         3    None


Dungeon Overview and Level Annotations

Branches:
Dungeon (8/15)             Temple (1/1) D:5
   Lair: D:8-11

Altars:
Ashenzari
Cheibriados
Dithmenos
Elyvilon
Fedhas
Gozag
Hepliaklqana
Kikubaaqudgha
Makhleb
Nemelex Xobeh
Okawaru
Qazlal
Ru
Sif Muna
Trog
Uskayaw
Vehumet
Xom
Yredelemnul
Zin
The Shining One

Shops:
D:4 (

Annotations:
D:6 2 transporters, Snicker's ghost, novice DsAs
D:7 3 runed translucent doors, JayGee's ghost, novice TrBe
D:8 Psyche


Message History

You feel more agile all of a sudden. Psyche gestures at you while chanting.
The puff of flame hits you. You resist.
Psyche hits you with a +4 dagger of chaos.
You are lethally poisoned!
* * * LOW HITPOINT WARNING * * *
You feel sick.
Psyche hits you with a +4 dagger of chaos.
* * * LOW HITPOINT WARNING * * *
You are more poisoned.
You can move again.
Unknown command.
Casting: Foxfire (safe; 1% risk of failure)
Confirm with . or Enter, or press ? or * to list all spells.
You blink.
* * * LOW HITPOINT WARNING * * *
You feel very sick. Psyche gestures at you while chanting.
The puff of frost hits you!
You feel a terrible chill!
You die...

#.......).......#.........
##########......#.....####
##......#.....#...
#.......#.....#...
#ยง......#.....#...
#@......#.....#...
#.......#.....#...
#.......+.....####
#@......#....).)..
#.......#.........
#.......#.........
#.......#.....)...
#.......#...<.....
###########......#.....####
#.........#......#.....#
#.........#......#.....#
#.........########.....#


You could see Psyche (drained).

Vanquished Creatures
  Pikel (D:8)
  3 slaves (D:8)
  2 ice beasts (D:5)
  2 black bears (D:7)
  4 orc warriors
  3 ogres
  A centaur (D:5)
  Blork the orc (D:6)
  2 big kobolds (D:8)
  4 bullfrogs (D:8)
  A gnoll sergeant (D:5)
  2 scorpions (D:6)
  2 howler monkeys
  2 quasits
  3 crimson imps
  A bullfrog zombie (D:6)
  A jelly (D:5)
  A centaur skeleton (D:7)
  3 hounds
  6 orc priests
  2 orc wizards
  A bullfrog skeleton (D:7)
  4 worker ants
  A hound skeleton (D:5)
  2 hound zombies (D:5)
  A worker ant zombie (D:8)
  10 gnolls
  A howler monkey skeleton (D:4)
  10 adders
  3 shadow imps
  3 oozes
  An adder skeleton (D:4)
  A worm (D:2)
  A dart slug (D:1)
  5 leopard geckos
  34 orcs
  4 bats
  8 giant cockroaches
  8 goblins
  6 hobgoblins (D:1)
  4 jackals (D:3)
  14 kobolds
  2 quokkas
  4 ball pythons
  4 frilled lizards
  A jackal zombie (D:6)
  6 rats
186 creatures vanquished.

Vanquished Creatures (collateral kills)
  An orc (D:2)
1 creature vanquished.

Vanquished Creatures (others)
  125 foxfires
125 creatures vanquished.

Grand Total: 312 creatures vanquished

Notes
Turn   | Place    | Note
-------+----------+-------------------------------------------
     0 | D:1      | tempo the Deep Elf Wizard began the quest for the Orb.
     0 | D:1      | Reached XP level 1. HP: 10/10 MP: 7/7
   221 | D:1      | Reached XP level 2. HP: 16/16 MP: 7/9
   605 | D:1      | Reached skill level 5 in Spellcasting
   722 | D:1      | Reached XP level 3. HP: 20/20 MP: 8/11
   727 | D:1      | Learned a level 3 spell: Mephitic Cloud
   730 | D:1      | Learned a level 2 spell: Call Imp
   733 | D:1      | Learned a level 2 spell: Blink
   737 | D:1      | Learned a level 3 spell: Conjure Flame
  1457 | D:2      | Found a shadowy altar of Dithmenos.
  1466 | D:2      | Reached skill level 1 in Fighting
  1555 | D:2      | Reached skill level 1 in Armour
  1935 | D:2      | Found an iron altar of Okawaru.
  1944 | D:2      | Found a sparkling altar of Nemelex Xobeh.
  2026 | D:2      | Reached XP level 4. HP: 25/25 MP: 7/13
  2110 | D:2      | Learned a level 1 spell: Apportation
  2385 | D:3      | Found a stormy altar of Qazlal.
  2685 | D:3      | Reached skill level 1 in Poison Magic
  2955 | D:3      | Reached XP level 5. HP: 29/29 MP: 10/15
  2968 | D:3      | Reached skill level 6 in Spellcasting
  2968 | D:3      | Reached skill level 1 in Air Magic
  3316 | D:3      | Reached skill level 1 in Fire Magic
  3348 | D:3      | Found a blossoming altar of Fedhas.
  3709 | D:3      | Found a snail-covered altar of Cheibriados.
  3709 | D:3      | Found a faded altar of an unknown god.
  3714 | D:3      | Found a shimmering altar of Xom.
  3716 | D:3      | Found a hide-covered altar of Uskayaw.
  3718 | D:3      | Found a faded altar of an unknown god.
  3988 | D:4      | Found Esao's Antique Weapon Emporium.
  4031 | D:4      | Found a glowing golden altar of the Shining One.
  4079 | D:4      | Reached XP level 6. HP: 33/34 MP: 12/17
  4551 | D:4      | You fall into a shaft and drop 1 floor!
  4551 | D:5      | Entered Level 5 of the Dungeon
  4551 | D:5      | Found a staircase to the Ecumenical Temple.
  4556 | Temple   | Entered the Ecumenical Temple
  4974 | Temple   | Became a worshipper of Vehumet
  5081 | D:5      | Reached skill level 7 in Spellcasting
  5111 | D:5      | Reached XP level 7. HP: 39/39 MP: 0/19
  5916 | D:5      | Reached skill level 5 in Conjurations
  6115 | D:5      | Reached * piety under Vehumet
  6115 | D:5      | Offered knowledge of Sandblast by Vehumet.
  6334 | D:5      | Reached skill level 8 in Spellcasting
  6486 | D:5      | Reached XP level 8. HP: 42/45 MP: 12/22
  7673 | D:6      | Reached skill level 9 in Spellcasting
  7991 | D:6      | Reached ** piety under Vehumet
  7992 | D:6      | Offered knowledge of Foxfire by Vehumet.
  7999 | D:6      | Learned a level 1 spell: Foxfire
  8217 | D:6      | Found an opulent altar of Gozag.
  8339 | D:6      | Noticed Blork the orc
  8386 | D:6      | Killed Blork the orc
  8517 | D:6      | Found a transporter.
  8517 | D:6      | Found a transporter.
  8517 | D:6      | Noticed Snicker's ghost (novice DsAs)
  8947 | D:7      | Found a bloodstained altar of Trog.
  9268 | D:7      | Reached skill level 1 in Evocations
  9330 | D:7      | Found a runed translucent gate.
  9330 | D:7      | Found a runed translucent gate.
  9330 | D:7      | Found a runed translucent gate.
  9346 | D:7      | Noticed a deep elf mage
  9346 | D:7      | Noticed JayGee's ghost (novice TrBe)
  9357 | D:7      | Reached skill level 10 in Spellcasting
  9357 | D:7      | Reached XP level 9. HP: 9/51 MP: 15/25
 10084 | D:8      | Offered knowledge of Stone Arrow by Vehumet.
 10105 | D:7      | Learned a level 3 spell: Stone Arrow
 10498 | D:8      | Noticed Pikel
 10527 | D:8      | Killed Pikel
 10527 | D:8      | Reached skill level 5 in Fire Magic
 10807 | D:8      | Reached *** piety under Vehumet
 10839 | D:8      | Reached skill level 11 in Spellcasting
 10859 | D:8      | Reached skill level 1 in Earth Magic
 11030 | D:8      | Noticed Psyche
 11043 | D:8      | Paralysed by Psyche for 5 turns
 11048 | D:8      | Killed from afar by Psyche

Illustrated notes

Levels and vault maps discovered:
D:1:      ebering_trefoil_twist, layout_basic
D:2:      layout_basic, lemuel_doored_altar, overflow_temple_1_default,
          nicolae_dithmenos_shadow_blocks
D:3:      layout_rooms, nicolae_qazlal_general_emergency, fedhas_altar_3,
          chequers_temple_overflow_minitemple, first_ration
D:4:      layout_loops_ring, tso_altar, serial_shops, shop, serial_bayou_pond_d
D:5:      minmay_polygon_palace, layout_loops_ring, minmay_temple_entry_mist
D:6:      layout_loops_corners, nicolae_gozag_seed_capital,
          gammafunk_ghost_mausoleum, uniq_blork_the_orc
D:7:      layout_basic, trog_ov_bears_minmay, gammafunk_ghost_split,
          corexii_hall_statues_deadend
D:8:      layout_gridville, uniq_psyche, uniq_pikel
Temple:   dpeg_chambers_temple

Skill      XL: |  1  2  3  4  5  6  7  8  9 |
---------------+----------------------------+-----
Spellcasting   | 5 6 7 8 10 11 | 11.0
Fighting       | 1 2 3 |  3.2
Armour         | 1 2 |  2.6
Conjurations   | 2 3 4 5 7 8 |  8.4
Poison Magic   | 1 |  1.0
Air Magic      | 1 |  1.0
Fire Magic     | 1 2 3 4 5 |  5.3
Evocations     | 1 |  1.0
Earth Magic    | 1 |  1.0
Dodging        | |  2.4
Stealth        | |  2.4
Summonings     | |  1.1
Translocations | |  1.1

Action                   |  1- 3 |  4- 6 |  7- 9 || total
-------------------------+-------+-------+-------++-------
Melee: Dagger            |       |    35 |    38 ||    73
       Mace              |       |       |    45 ||    45
 Cast: Magic Dart        |   102 |   114 |   192 ||   408
       Mephitic Cloud    |       |    12 |    28 ||    40
       Conjure Flame     |       |     6 |    18 ||    24
       Apportation       |       |     2 |       ||     2
       Call Imp          |       |     1 |     2 ||     3
       Foxfire           |       |       |    66 ||    66
       Blink             |       |       |     3 ||     3
 Stab: Confused          |       |     3 |     6 ||     9
  Eat: Chunk             |     3 |     9 |    12 ||    24
       Ration            |       |       |     2 ||     2
Armor: Robe              |     2 |       |       ||     2
       Leather armour    |       |     3 |    45 ||    48
Dodge: Dodged            |     6 |    33 |   112 ||   151
